 Dungeon Sprint DCSS version 0.23-a0-890-gc183402 (webtiles) character file.

Game seed: 16004678500556994526

238 galech the Skirmisher (level 5, -12/47 HPs)
             Began as a Demonspawn Fighter on Jan 28, 2019.
             Was an Initiate of Okawaru.
             Mangled by a two-headed ogre
             ... wielding a cursed -1 giant spiked club
              (21 damage)
             ... in the Dungeon (Sprint IX: "|||||||||||||||||||||||||||||").
             The game lasted 00:01:06 (309 turns).

galech the Skirmisher (Demonspawn Fighter)           Turns: 309, Time: 00:01:07

Health: -12/47     AC: 13    Str: 16    XL:     5   Next: 78%
Magic:  5/5        EV:  9    Int: 10    God:    Okawaru [......]
Gold:   0          SH: 10    Dex: 17    Spells: 4/4 levels left

rFire    . . .     SeeInvis .   o - +1 broad axe (elec)
rCold    . . .     Gourm    .   c - +0 shield
rNeg     . . .     Faith    .   r - +1 chain mail
rPois    .         Spirit   .   q - +0 helmet
rElec    .         Reflect  .   (no cloak)
rCorr    .         Harm     .   (no gloves)
MR       .....     NoTele   +   p - +0 pair of boots
Stlth    ..........             (no amulet)
HPRegen  0.15/turn              t - +2 ring of evasion
MPRegen  0.09/turn              s - +2 ring of evasion

@: hasted, very quick
A: thin skeletal structure 2
a: Renounce Religion


You were in the Dungeon.
You worshipped Okawaru.
Okawaru was noncommittal.
You were not hungry.

You visited 1 branch

Inventory:

Hand Weapons
 a - a +0 war axe
 o - a +1 broad axe of electrocution (weapon)
Armour
 c - a +0 shield (worn)
 p - a +0 pair of boots (worn)
 q - a +0 helmet (worn)
 r - a +1 chain mail (worn)
Jewellery
 s - a +2 ring of evasion (right hand)
 t - a +2 ring of evasion (left hand)
Wands
 l - a wand of iceblast (10)
Scrolls
 k - 2 scrolls of blinking
 m - 3 scrolls of remove curse
 n - 2 scrolls of amnesia
Potions
 d - a potion of invisibility
 e - 5 potions of curing
 g - 3 potions of heal wounds
 i - 4 potions of magic
 j - a potion of berserk rage
Comestibles
 f - a ration


   Skills:
 + Level 6.5 Fighting
 + Level 5.5 Axes
 + Level 6.3 Armour
 + Level 1.0 Dodging
 + Level 6.1 Shields


You had 4 spell levels left.
You didn't know any spells.
Your spell library was empty.

Dungeon Overview and Level Annotations

Branches:
Dungeon (1/1)

Altars:
Cheibriados
Dithmenos
Elyvilon
Fedhas
Gozag
Hepliaklqana
Kikubaaqudgha
Makhleb
Nemelex Xobeh
Okawaru
Qazlal
Ru
Sif Muna
Trog
Uskayaw
Vehumet
Wu Jian
Xom
Yredelemnul
Zin
The Shining One
Beogh
Jiyva
Lugonu


Innate Abilities, Weirdness & Mutations

You have a moderately thin skeletal structure. (Dex +4, Stealth+)


Message History

You have reached level 5!
The orc priest invokes the aid of Beogh against you.
Beogh smites you!
You are too injured to fight recklessly!
You are too injured to fight recklessly!
You are too injured to fight recklessly!
You are too injured to fight recklessly!
Your shield and chain mail prevent you from hitting the two-headed ogre.
The two-headed ogre hits you with a cursed -1 giant spiked club!
* * * LOW HITPOINT WARNING * * *
You block the two-headed ogre's attack.
Your shield and chain mail prevent you from hitting the two-headed ogre.
You hit the two-headed ogre but do no damage.
Lightning courses through the two-headed ogre!
The two-headed ogre is moderately wounded.
You block the two-headed ogre's attack. x2
You slash the two-headed ogre!
The two-headed ogre is heavily wounded.
The two-headed ogre hits you with a cursed -1 giant spiked club!!
You die...

▓.▓
▓.▓
▓|▓
▓)▓
▓.▓
▓.▓
▓.▓
▓.▓
▓@▓
▓O▓
▓o▓
▓Y▓
▓5▓
▓Y▓
▓.▓
▓.▓


You could see a two-headed ogre, a yak, an ice beast, an orc priest and a shadow
imp.

Vanquished Creatures
  A hippogriff (D)
  A crimson imp (D)
  An iguana (D)
  An adder skeleton (D)
  2 leopard geckos (D)
  2 giant cockroaches (D)
  A goblin (D)
  A quokka (D)
  A kobold (D)
11 creatures vanquished.

Notes
Turn   | Place    | Note
-------+----------+-------------------------------------------
     0 | D        | galech the Demonspawn Fighter began the quest for the Orb.
     0 | D        | Reached XP level 1. HP: 18/18 MP: 1/1
    32 | D        | Noticed an iguana
    32 | D        | Noticed a crimson imp
    38 | D        | Killed an iguana
    38 | D        | Gained mutation: You have a somewhat thin skeletal
                  | structure. (Dex +2, Stealth) [demonic ancestry]
    38 | D        | Reached XP level 2. HP: 10/25 MP: 2/2
    38 | D        | Gained mutation: You have a moderately thin skeletal
                  | structure. (Dex +4, Stealth+) [demonic ancestry]
    38 | D        | Reached XP level 3. HP: 12/30 MP: 3/3
    60 | D        | Reached skill level 5 in Fighting
    60 | D        | Reached XP level 4. HP: 15/39 MP: 4/4
   195 | D        | Found a roughly hewn altar of Beogh.
   195 | D        | Found a snail-covered altar of Cheibriados.
   195 | D        | Found a shadowy altar of Dithmenos.
   195 | D        | Found a white marble altar of Elyvilon.
   195 | D        | Found a blossoming altar of Fedhas.
   195 | D        | Found an opulent altar of Gozag.
   196 | D        | Found a hazy altar of Hepliaklqana.
   197 | D        | Found a viscous altar of Jiyva.
   198 | D        | Found an ancient bone altar of Kikubaaqudgha.
   199 | D        | Found a corrupted altar of Lugonu.
   200 | D        | Found a burning altar of Makhleb.
   201 | D        | Found a sparkling altar of Nemelex Xobeh.
   202 | D        | Found an iron altar of Okawaru.
   203 | D        | Found a stormy altar of Qazlal.
   204 | D        | Found a sacrificial altar of Ru.
   205 | D        | Found a deep blue altar of Sif Muna.
   206 | D        | Found a bloodstained altar of Trog.
   207 | D        | Found a hide-covered altar of Uskayaw.
   208 | D        | Found a radiant altar of Vehumet.
   209 | D        | Found an ornate altar of the Wu Jian Council.
   210 | D        | Became a worshipper of Warmaster Okawaru
   244 | D        | Found a shimmering altar of Xom.
   245 | D        | Found a basalt altar of Yredelemnul.
   246 | D        | Found a glowing silver altar of Zin.
   247 | D        | Found a glowing golden altar of the Shining One.
   299 | D        | Noticed a hippogriff
   299 | D        | Noticed a two-headed ogre
   299 | D        | Noticed a yak
   299 | D        | Noticed an ice beast
   305 | D        | Killed a hippogriff
   305 | D        | Reached skill level 5 in Axes
   305 | D        | Reached skill level 1 in Dodging
   305 | D        | Reached XP level 5. HP: 35/47 MP: 5/5
   309 | D        | Mangled by a two-headed ogre

Vault maps used:
D:        linesprint

Skill      XL: |  1  2  3  4 |
---------------+-------------+-----
Armour         | 4 6 |  6.3
Shields        | 3 4 6 |  6.1
Axes           | 2 3 5 |  5.5
Fighting       | 4 5 6 |  6.5
Dodging        | 1 |  1.0

Action                   |  1- 3 |  4- 6 || total
-------------------------+-------+-------++-------
Melee: War axe           |    31 |       ||    31
       Broad axe         |       |     9 ||     9
  Use: Potion            |     1 |     1 ||     2
Armor: Scale mail        |    12 |       ||    12
       Chain mail        |       |     4 ||     4
Dodge: Dodged            |     5 |     3 ||     8
Block: Shield            |    17 |     8 ||    25

Table legend:
 A = Non-vault XP
 B = Vault XP
 C = Vault XP percentage of total XP
 D = Non-vault monster count
 E = Vault monster count
 F = Vault count percentage of total count
                 A         B        C        D         E       F
            +---------+---------+-------+---------+---------+-------
      Total |       0 |     341 | 100.0 |       0 |      11 | 100.0
            +---------+---------+-------+---------+---------+-------
          D |       0 |     341 | 100.0 |       0 |      11 | 100.0
            +---------+---------+-------+---------+---------+-------
